 Dungeon Crawl Stone Soup version 0.30.0-5-g1a98f26d00 (webtiles) character file.

Game seed: 1238768510198869544

3404 qeuew the Protected (level 9, -6/80 HPs)
             Began as a Minotaur Fighter on May 8, 2023.
             Was a Believer of Ru.
             Killed from afar by an electric eel (10 damage)
             ... with a bolt of electricity
             ... on level 10 of the Dungeon.
             The game lasted 00:12:03 (6376 turns).

qeuew the Protected (Minotaur Fighter)              Turns: 6376, Time: 00:12:04

Health: -6/80      AC: 15    Str: 24    XL:     9   Next: 75%
Magic:  2/2        EV: 12    Int:  5    God:    Ru [**....]
Gold:   561        SH:  7    Dex: 11    Spells: 8/8 levels left

rFire   . . .        p - +1 war axe (antimagic)
rCold   . . .        d - +2 buckler of Nihilism {rN+ Will+ rCorr}
rNeg    + . .        b - +1 scale mail
rPois   .            (helmet restricted)
rElec   .            r - +1 cloak {Will+}
rCorr   +            (no gloves)
SInv    .            j - +2 pair of boots {Stlth+}
Will    ++...        (no amulet)
Stlth   +            (no ring)
HPRegen 0.33/turn    (no ring)
MPRegen 0.08/turn

%: no passive effects
@: studying Polearms
A: horns 2, inability to use devices, retaliatory headbutt
a: Renounce Religion


You were on level 10 of the Dungeon.
You worshipped Ru.
Ru was pleased with you.
You visited 2 branches of the dungeon, and saw 9 of its levels.
You also visited: Sewer.

You collected 561 gold pieces.

Inventory:

Hand Weapons
 p - a +1 antimagic war axe (weapon)
Armour
 b - a +1 scale mail (worn)
 d - the +2 buckler of Nihilism (worn) {rN+ Will+ rCorr}
   (You took it off a gnoll sergeant on level 6 of the Dungeon)

   rN:        It protects you from negative energy.
   rCorr:     It protects you from acid and corrosion.
   Will:      It increases your willpower.
 j - a +2 pair of boots of stealth (worn)
 r - a +1 cloak of willpower (worn)
Scrolls
 a - a scroll of identify
 e - 2 scrolls of enchant armour
 l - 3 scrolls of teleportation
 t - a scroll of fear
 v - 3 scrolls of brand weapon
 w - a scroll of silence
Potions
 g - 2 potions of flight
 k - a potion of curing
 m - 3 potions of haste
 o - a potion of resistance


   Skills:
 + Level 7.7 Fighting
 + Level 7.2 Axes
 * Level 10.3 Armour
 + Level 6.0 Dodging
 + Level 7.6 Shields
   Level 0.0 Evocations


You had 8 spell levels left.
You didn't know any spells.
Your spell library contained the following spells:

 Spells                   Type           Power      Damage    Failure   Level
 Freeze                   Ice            0%         1d3       78%         1
 Magic Dart               Conj           0%         1d3       78%         1
 Call Imp                 Summ           0%         N/A       89%         2
 Frozen Ramparts          Ice            0%         1d1       98%         3
 Hailstorm                Conj/Ice       0%         3d3       98%         3
 Mephitic Cloud           Conj/Pois/Air  0%         N/A       98%         3


Dungeon Overview and Level Annotations

Branches:
Dungeon (7/15)             Temple (1/1) D:5           Sewer (visited)

Altars:
Cheibriados
Dithmenos
Fedhas
Kikubaaqudgha
Nemelex Xobeh
Qazlal
Ru
Uskayaw
Yredelemnul
Zin
The Shining One

Shops:
D:1 :   D:7 ([

Annotations:
D:7 1 transporter


Innate Abilities, Weirdness & Mutations

You have a pair of horns on your head.
You cannot study or use magical devices.
You reflexively headbutt those who attack you in melee.


Message History

The electric eel shoots out a bolt of lightning at you!
The bolt of electricity hits you.
The electric eel shoots out a bolt of lightning at you!
The bolt of electricity hits you!
The electric eel shoots out a bolt of lightning at you!
The bolt of electricity misses you.
An electric eel comes into view.
The electric eel begins to attack, but is stunned by your conviction!
The electric eel shoots out a bolt of lightning at you!
The bolt of electricity misses the electric eel.
The bolt of electricity hits you.
An electric eel comes into view.
The electric eel shoots out a bolt of lightning at you!
The bolt of electricity hits the electric eel.
The electric eel completely resists.
The bolt of electricity hits you!
You barely miss the electric eel.
The acid dragon begins to attack, but is stunned by your conviction!
An electric eel comes into view.
You closely miss the electric eel. x2
The acid dragon spits acid at you. The splash of acid hits you. You resist.
The electric eel shoots out a bolt of lightning at you!
The bolt of electricity hits you! x2
The bolt of electricity hits the electric eel.
The electric eel completely resists.
The electric eel shoots out a bolt of lightning at you!
The bolt of electricity hits the electric eel.
The electric eel completely resists.
The bolt of electricity hits you!
* * * LOW HITPOINT WARNING * * *
The bolt of electricity hits you.
* * * LOW HITPOINT WARNING * * *
The electric eel shoots out a bolt of lightning at you!
The bolt of electricity hits the electric eel.
The electric eel completely resists.
The bolt of electricity hits you!
* * * LOW HITPOINT WARNING * * *
The bolt of electricity hits you.
* * * LOW HITPOINT WARNING * * *
The electric eel shoots out a bolt of lightning at you!
The bolt of electricity hits you!
You die...

#......#.#.#.#.#.#.# ..
#.........#.#.#.#.#
#... ....>.....+#.#.#.#
.....
#####.#...#.....#+....#
........#...#.#...#
#####...#.....#.#.#
#....+#...#.#.#
.#...#D....#.# #.#
#.#...#@#.~ +#
#.#.#.#.SS≈~S≈≈#
..#.#.#~~~≈≈≈≈S≈≈
...#.#.~~≈S≈≈≈≈≈≈
..#.#.≈≈≈≈≈≈≈≈≈≈≈
...#.#~≈~≈≈≈≈≈≈≈≈
.#.#.#.~~≈≈≈≈≈≈≈
.#.#.#.#~≈≈≈≈≈≈


You could see an acid dragon (catching breath) and 5 electric eels.

Vanquished Creatures
  Pikel (D:6)
  The ghost of TrollFarmer the Magician, a novice SpCj of Sif Muna (D:6)
  Grinder (D:5)
  Prince Ribbit (D:5)
  A wraith (D:6)
  Eustachio (D:5)
  Menkaure (D:7)
  An ice beast (D:10)
  A black bear (D:6)
  Pargi (Sewer)
  An ogre (D:4)
  A centaur (D:5)
  A phantom (D:6)
  2 lemures (D:6)
  Blork the orc (D:4)
  2 bullfrogs (D:6)
  3 gnoll sergeants (D:6)
  2 scorpions
  A jelly (D:5)
  5 orc priests
  Crazy Yiuf (D:4)
  A gnoll bouda (D:6)
  8 hounds
  Ijyb (D:4)
  An orc wizard (D:7)
  3 iguanas
  7 gnolls (D:6)
  6 adders
  2 shadow imps
  A white imp (D:7)
  An ufetubus (D:4)
  5 worms
  4 dart slugs
  18 orcs
  6 ball pythons
  10 endoplasms
  9 giant cockroaches
  11 goblins
  7 hobgoblins
  5 jackals (D:4)
  5 quokkas
  6 bats
  2 frilled lizards
  13 kobolds
  10 rats
172 creatures vanquished.

Notes
Turn   | Place    | Note
-------+----------+-------------------------------------------
     0 | D:1      | qeuew the Minotaur Fighter began the quest for the Orb.
     0 | D:1      | Reached XP level 1. HP: 19/19 MP: 0/0
   130 | D:1      | Reached XP level 2. HP: 27/27 MP: 1/1
   253 | D:1      | Reached skill level 4 in Armour
   268 | D:1      | Found Guuk's Book Boutique.
   427 | D:1      | Reached skill level 1 in Dodging
   440 | D:1      | Reached XP level 3. HP: 29/33 MP: 2/2
  1644 | D:3      | Reached XP level 4. HP: 40/40 MP: 3/3
  1733 | D:3      | Found a faded altar of an unknown god.
  1785 | D:3      | Found a snail-covered altar of Cheibriados.
  1895 | D:3      | Found a basalt altar of Yredelemnul.
  1899 | D:3      | Found a glowing silver altar of Zin.
  1901 | D:3      | Found a blossoming altar of Fedhas.
  2184 | D:3      | Identified the +0 ring mail of Okawaru's Displeasure
                  | {Str+6}
  2556 | D:4      | Reached XP level 5. HP: 47/47 MP: 4/4
  2576 | D:4      | Reached skill level 5 in Armour
  2899 | D:4      | Noticed Blork the orc
  2905 | D:4      | Killed Blork the orc
  3005 | D:4      | Found a runed translucent door.
  3006 | D:4      | Noticed Crazy Yiuf
  3088 | D:4      | Reached XP level 6. HP: 50/53 MP: 1/5
  3272 | D:4      | Noticed Ijyb
  3278 | D:4      | Killed Ijyb
  3639 | D:4      | Killed Crazy Yiuf
  3640 | D:4      | Reached skill level 5 in Fighting
  3640 | D:4      | Reached skill level 6 in Armour
  3672 | D:5      | Entered Level 5 of the Dungeon
  3769 | D:5      | Reached skill level 5 in Shields
  3769 | D:5      | Reached XP level 7. HP: 37/61 MP: 2/6
  3874 | D:5      | Noticed Prince Ribbit
  3893 | D:5      | Killed Prince Ribbit
  4125 | D:5      | Reached skill level 7 in Armour
  4198 | D:5      | Found a glowing drain.
  4202 | Sewer    | Entered a sewer
  4214 | Sewer    | Noticed Pargi
  4231 | Sewer    | Killed Pargi
  4626 | D:5      | Reached skill level 5 in Axes
  4628 | D:5      | Found a staircase to the Ecumenical Temple.
  4662 | Temple   | Entered the Ecumenical Temple
  4679 | Temple   | Became a worshipper of Ru the Awakened
  4805 | D:5      | Noticed Grinder
  4805 | D:5      | Noticed Eustachio
  4813 | D:5      | Killed Grinder
  4814 | D:5      | Reached XP level 8. HP: 70/70 MP: 2/7
  4821 | D:5      | Killed Eustachio
  4822 | D:5      | Reached skill level 8 in Armour
  4983 | D:6      | Noticed Pikel
  4998 | D:6      | Killed Pikel
  4999 | D:6      | Reached skill level 9 in Armour
  4999 | D:6      | Reached XP level 9. HP: 53/78 MP: 2/8
  5095 | D:6      | Reached skill level 5 in Dodging
  5168 | D:6      | Found an ancient bone altar of Kikubaaqudgha.
  5168 | D:6      | Found a stormy altar of Qazlal.
  5168 | D:6      | Found a sparkling altar of Nemelex Xobeh.
  5577 | D:6      | Identified the +2 buckler of Nihilism {rN+ Will+ rCorr}
  5594 | D:6      | Found a transporter.
  5635 | D:6      | Found a transporter.
  5648 | D:6      | HP: 2/79 [gnoll sergeant/+0 trident (9)]
  5877 | D:6      | Noticed TrollFarmer's ghost (novice SpCj)
  5899 | D:6      | Killed TrollFarmer's ghost
  5955 | D:6      | Reached skill level 10 in Armour
  6113 | D:7      | Found Nisefyergh's Antique Armour Shop.
  6135 | D:7      | Found a transporter.
  6135 | D:7      | Found Qelefenir's Antique Weapon Boutique.
  6161 | D:7      | Noticed Menkaure
  6167 | D:7      | Killed Menkaure
  6169 | D:7      | Gained mutation: You cannot study or use magical devices.
                  | [Ru sacrifice]
  6169 | D:7      | Reached * piety under Ru
  6169 | D:7      | Reached ** piety under Ru
  6355 | D:7      | You fall into a shaft and drop 3 floors!
  6355 | D:10     | Entered Level 10 of the Dungeon
  6376 | D:10     | HP: 4/80 [electric eel/bolt of electricity (3)]
  6376 | D:10     | Killed from afar by an electric eel

Illustrated notes

Levels and vault maps discovered:
D:1:      ldierk_walled_garden, layout_loops_ring, serial_shops,
          nicolae_shop_advertising_works [nicolae_subvault_shop_adworks]
D:2:      layout_basic, roderic_roman_lattice, dk_vineyard_1, kennysheep_boxes
D:3:      layout_loops_ring, mainiacjoe_overflow_alcove_2, minitemple,
          shapermc_ecumenical_altar_flowoftime
D:4:      minmay_opposing_rooms, layout_loops_corners, uniq_crazy_yiuf_cottage,
          uniq_ijyb, uniq_blork_the_orc
D:5:      layout_loops_ring, minmay_temple_entry_mini_moons,
          gup_sewer_entry_spiral, nicolae_concentric_dashed_squares_wild,
          uniq_eustachio, uniq_prince_ribbit1, uniq_grinder
D:6:      layout_basic, gammafunk_temple_overflow_claw,
          gammafunk_ghost_gnarly_gnolls, minmay_statues_item, uniq_pikel
D:7:      layout_gridville, serial_shops, nicolae_shop_drivethru, shop,
          serial_glass, glass_columns_b, glass_columns_b, glass_columns_a,
          glass_columns_b, glass_columns_b, glass_columns_b, uniq_menkaure
D:10:     layout_basic, serial_ice, serial_ice_o, serial_ice_n, serial_ice_e,
          serial_ice_k
Temple:   nicolae_temple_superstar

Skill      XL: |  1  2  3  4  5  6  7  8  9 |
---------------+----------------------------+-----
Armour         | 4 5 6 7 9 10 | 10.3
Dodging        | 1 2 3 4 6 |  6.0
Axes           | 3 4 5 6 7 |  7.2
Shields        | 4 5 6 7 |  7.6
Fighting       | 4 5 6 7 |  7.7

Action                     |  1- 3 |  4- 6 |  7- 9 || total
---------------------------+-------+-------+-------++-------
  Melee: War axe           |    98 |   133 |   204 ||   435
         Headbutt          |    17 |    29 |    36 ||    82
 Invoke: Sacrifice Artific |       |       |     1 ||     1
    Use: Scroll            |    11 |       |     4 ||    15
         Potion            |     1 |       |     8 ||     9
 Armour: Scale mail        |    52 |    61 |   140 ||   253
  Dodge: Dodged            |    38 |    62 |   117 ||   217
  Block: Buckler           |    18 |    38 |    68 ||   124
